 Dungeon Crawl Stone Soup version 0.27-a0-1196-g3e9cee4cb2 (webtiles) character file.

Game seed: 10310335293447199733

28 cganya the Poker (level 3, 0/34 HPs)
             Began as a Naga Fighter on May 29, 2021.
             Slain by an endoplasm (2 damage)
             ... on level 1 of the Dungeon.
             The game lasted 00:02:12 (357 turns).

cganya the Poker (Naga Fighter)                      Turns: 357, Time: 00:02:14

Health: 0/34       AC:  4    Str: 18    XL:     3   Next: 12%
Magic:  3/3        EV:  5    Int:  8    God:
Gold:   35         SH:  8    Dex: 11    Spells: 2/2 levels left

rFire    . . .     SeeInvis +   a - +0 trident
rCold    . . .     Faith    .   c - +0 kite shield
rNeg     . . .     Spirit   .   b - +0 scale mail
rPois    +         Reflect  .   (no helmet)
rElec    .         Harm     .   (no cloak)
rCorr    .         Rampage  .   (no gloves)
Will     .....                  (no barding)
Stlth    +.........             (no amulet)
HPRegen  0.11/turn              (no ring)
MPRegen  0.08/turn              (no ring)

@: very slow
A: AC +1, large, see invisible, deformed body, poison resistance, slowness 2,
spit poison 1, naga tail 1
a: Spit Poison


You were on level 1 of the Dungeon.
You visited 1 branch of the dungeon, and saw 1 of its levels.

You collected 35 gold pieces.

Inventory:

Hand Weapons
 a - a +0 trident (weapon)
Missiles
 e - 16 stones (quivered)
Armour
 b - a +0 scale mail (worn)
 c - a +0 kite shield (worn)
Scrolls
 f - a scroll of identify {unknown}
Potions
 d - a potion of might
 g - a potion of haste {unknown}


   Skills:
 - Level 3.0 Fighting
 * Level 3.1 Polearms
 - Level 2.4 Armour
 + Level 2.2 Stealth
 - Level 2.4 Shields


You had 2 spell levels left.
You didn't know any spells.
Your spell library was empty.

Dungeon Overview and Level Annotations

Branches:
Dungeon (1/15)

Altars:


Innate Abilities, Weirdness & Mutations

Your serpentine skin is tough. (AC +1)
You have supernaturally acute eyesight. (SInv)
Armour fits poorly on your strangely shaped body.
Your system is resistant to poisons. (rPois)
You cover ground very slowly.
You can spit poison.
You have a snake-like lower body.


Message History

You are frozen.
The gnoll completely misses you.
Your shield and scale mail prevent you from hitting the gnoll.
The gnoll is severely wounded.
The hobgoblin hits you. The kobold hits you but does no damage.
The endoplasm hits you but does no damage.
The gnoll hits you but does no damage.
You hit the gnoll.
You kill the gnoll!
The hobgoblin hits you.
The kobold hits you with a +0 short sword.
The endoplasm freezes you.
You are frozen.
The hobgoblin hits you but does no damage.
You block the kobold's attack. The endoplasm freezes you.
You are frozen.
* * * LOW HITPOINT WARNING * * *
Your Polearms skill increases to level 3!
Your Stealth skill increases to level 2!
You have reached level 3!
Your experience leads to an increase in your attributes!
Increase (S)trength, (I)ntelligence, or (D)exterity?
You feel agile.
Your skin feels tougher.
You barely miss the endoplasm. You block the hobgoblin's attack.
The kobold hits you but does no damage.
The endoplasm hits you but does no damage.
You hit the endoplasm.
The endoplasm is heavily wounded.
You block the hobgoblin's attack. The kobold barely misses you.
The endoplasm hits you but does no damage.
The hobgoblin hits you.
* * * LOW HITPOINT WARNING * * *
You barely miss the endoplasm.
The endoplasm is heavily wounded.
The kobold hits you with a +0 short sword.
* * * LOW HITPOINT WARNING * * *
The endoplasm hits you but does no damage.
The hobgoblin barely misses you. The kobold hits you but does no damage.
The endoplasm hits you.
You die...

..#.....#...###.
#########.#.....##..# ##
.....#........#.##.## #
................##..####
......[.........#....##.
.............#......##..
.......................#
......g..†...#.....)....
......)@.....#.###.#....
......KJ.....#.##..####.
............##.#..## #.
...........###.#.## ##
#####.###### #.#.# # ...
#...# ..## #..## .##
##..# #...#


You could see an endoplasm, a hobgoblin and a kobold.

Vanquished Creatures
  A gnoll (D:1)
  2 endoplasms (D:1)
  2 giant cockroaches (D:1)
  4 goblins (D:1)
  A hobgoblin (D:1)
  A quokka (D:1)
  2 ball pythons (D:1)
  2 frilled lizards (D:1)
  2 rats (D:1)
17 creatures vanquished.

Notes
Turn   | Place    | Note
-------+----------+-------------------------------------------
     0 | D:1      | cganya the Naga Fighter began the quest for the Orb.
     0 | D:1      | Reached XP level 1. HP: 21/21 MP: 1/1
    37 | D:1      | Reached skill level 1 in Stealth
    77 | D:1      | Reached XP level 2. HP: 20/28 MP: 2/2
   355 | D:1      | Reached XP level 3. HP: 8/34 MP: 3/3
   357 | D:1      | Slain by an endoplasm

Illustrated notes

Levels and vault maps discovered:
D:1:      dpeg_arrival_arbitrary_b, layout_rooms

Skill      XL: |  1  2 |
---------------+-------+-----
Stealth        | 1 2 |  2.2
Polearms       | 3 |  3.1
Fighting       | |  3.0
Armour         | |  2.4
Shields        | |  2.4

Action                   || total
-------------------------++-------
Melee: Trident           ||    43
 Abil: Spit Poison       ||     1
Armor: Scale mail        ||    22
Dodge: Dodged            ||    14
Block: Kite shield       ||    21

Table legend: (Time is in decaauts)
 A = Elapsed time spent in this place.
 B = Non-inter-level travel time spent in this place.
 C = Inter-level travel time spent in this place.
 D = Time resting spent in this place.
 E = Time spent auto-exploring this place.
 F = Levels seen in this place.
 G = Mean time per level.
                   A        B        C        D        E       F      G
               +--------+--------+--------+--------+--------+-----+--------+
         Total |    449 |    449 |      0 |     90 |    229 |   1 |  449.0 |
       Dungeon |    449 |    449 |      0 |     90 |    229 |   1 |  449.0 |
               +--------+--------+--------+--------+--------+-----+--------+

Top non-repeatable levels by time:
     D:1: 449 daAuts
